Match 38257377
Unlisted

Match 38257377
End
Construct Barracks
Riflemen Squad
1⁄4-ton 4x4 Truck
Riflemen Squad
Selects Advanced Infantry Battlegroup
Selects Convert to Ranger Squad
Convert to Ranger Squad
Construct Medical Station
Infantry Support Center
Riflemen Squad
Convert to Ranger Squad
Advanced Logistics
Munitions Surplus
Selects Frontline Medical Station
Frontline Medical Station
Selects Artillery Observers
Convert to Ranger Squad
Construct Weapon Support Center
Survival Training
Bruistablet
Winter_war
86DRIFT3R
Professor gibberish
VIC7OR_1991
Cachondin
mythos
新手
0
0

Comments sign in to comment!

No comments posted yet!